 Dungeon Sprint DCSS version 0.20-a0-1078-g4874019 (webtiles) character file.

10943 Nobokod the Demonic Aeon (level 11, -6/87 HPs)
             Began as a Demonspawn Assassin on Apr 30, 2017.
             Was the Champion of Cheibriados.
             Mangled by an orc warrior
             ... wielding a +0 battleaxe
              (38 damage)
             ... in the Dungeon (Sprint IX: "|||||||||||||||||||||||||||||").
             The game lasted 00:02:53 (1778 turns).

Nobokod the Demonic Aeon (Demonspawn Assassin)      Turns: 1778, Time: 00:02:54

Health: -6/87      AC: 11    Str: 30    XL:     11   Next: 42%
Magic:  9/23       EV: 22    Int: 30    God:    Cheibriados [******]
Gold:   650        SH:  0    Dex: 33    Spells: 10/10 levels left

rFire    . . .     SeeInvis .   q - +2 rapier (distort)
rCold    . . .     Gourm    .   (no shield)
rNeg     . . .     Faith    .   t - +2 ring mail
rPois    .         Spirit   .   (no helmet)
rElec    .         Reflect  .   d - +0 cloak
rCorr    .         Harm     .   (no gloves)
MR       .....     NoTele   +   s - +0 pair of boots
Stlth    ++++++....             (no amulet)
Regen    0.3/turn               v - +3 ring of strength
MPRegen  0.2/turn               u - +3 ring of intelligence

@: very slow
A: hooves 2, foul stench 2, rot immunity
a: Bend Time, Temporal Distortion, Slouch, Step From Time, Renounce Religion


You were in the Dungeon.
You worshipped Cheibriados.
Cheibriados was exalted by your worship.
You were very hungry.

You visited 1 branch You collected 650 gold pieces.

Inventory:

Hand Weapons
 a - a +2 dagger
 b - a +0 blowgun
 q - a +2 rapier of distortion (weapon)
Missiles
 e - 8 poisoned needles
 f - 2 curare-tipped needles
Armour
 d - a +0 cloak (worn)
 s - a +0 pair of boots (worn)
 t - a +2 ring mail (worn)
Jewellery
 u - a +3 ring of intelligence (right hand)
 v - a +3 ring of strength (left hand)
 B - a +3 ring of strength
Wands
 p - a wand of acid (7/15)
Scrolls
 m - 3 scrolls of blinking
 n - 4 scrolls of remove curse
 o - 3 scrolls of amnesia
 w - 2 scrolls of identify
 x - a scroll of fog
 y - 2 scrolls of enchant armour
Potions
 c - a potion of agility
 h - 7 potions of curing
 i - 5 potions of heal wounds
 j - a potion of haste
 k - 4 potions of magic
 l - a potion of might
Books
 r - a Necronomicon

   Spells                             Type                      Level
   a - Haunt                          Necromancy/Summoning         7
   b - Borgnjor's Revivification      Necromancy                   8
   c - Death's Door                   Charms/Necromancy            8
   d - Infestation                    Necromancy                   8
   e - Necromutation                  Transmutation/Necromancy     8
Comestibles
 g - 13 bread rations
 A - 41 fruits
 C - 12 meat rations


   Skills:
 + Level 8.8 Fighting
 + Level 13.0 Short Blades
 - Level 1.7 Throwing
 + Level 6.4 Armour
 + Level 9.1 Dodging
 + Level 14.4 Stealth
 * Level 17.6 Invocations


You had 10 spell levels left.
You didn't know any spells.

Dungeon Overview and Level Annotations

Branches:
Dungeon (1/1)

Altars:
Cheibriados
Dithmenos
Elyvilon
Fedhas
Gozag
Hepliaklqana
Kikubaaqudgha
Makhleb
Nemelex Xobeh
Okawaru
Qazlal
Ru
Sif Muna
Trog
Uskayaw
Vehumet
Wu Jian
Xom
Yredelemnul
Zin
The Shining One
Beogh
Jiyva
Lugonu


Innate Abilities, Weirdness & Mutations

You have hoof-like feet.
You frequently emit foul miasma when damaged in melee.
You are immune to rotting.


Message History

An orc warrior comes into view. It is wielding a dire flail.
The orc knight barely misses you. The orc knight completely misses you.
An orc warrior comes into view. It is wielding a mace of crushing.
Items here: $ )) [[ a battleaxe; a chain mail; a short sword; a chain mail; 50 gold pieces The orc warrior shouts! x2
You hit the orc knight.
Space warps horribly around the orc knight!
You kill the orc knight!
Cheibriados thoroughly appreciates the change of pace.
Your Short Blades skill increases to level 13!
The orc warrior misses you.
Items here: $ )) [ † an enchanted great mace; a chain mail; a mace; 50 gold pieces; an orc corpse You hit the orc warrior but do no damage.
Space bends around the orc warrior.
The orc warrior is lightly wounded.
The orc warrior roars repeatedly.
The orc warrior hits you with a battleaxe!!!
You die...

▓▓▓▓▓▓▓▓▓▓▓▓▓▓▓▓▓▓▓▓▓▓▓▓
))))))))....')))@ooo))..
▓▓▓▓▓▓▓▓▓▓▓▓▓▓▓▓▓▓▓▓▓▓▓▓▓▓▓▓▓▓▓▓▓
.................................
▓▓▓▓▓▓▓▓▓▓▓▓▓▓▓▓▓▓▓▓▓▓▓▓▓▓▓▓▓▓▓▓▓
......'..÷.÷....'÷†....÷÷.'†.....
▓▓▓▓▓▓▓▓▓▓▓▓▓▓▓▓▓▓▓▓▓▓▓▓▓▓▓▓▓▓▓▓▓
.................................
▓▓▓▓▓▓▓▓▓▓▓▓▓▓▓▓▓▓▓▓▓▓▓▓▓▓▓▓▓▓▓▓▓
.'________________________'..|).)


You could see 3 orc warriors.

Vanquished Creatures
  A hydra (D)
  2 two-headed ogres (D)
  An orc high priest (D)
  4 lindwurms (D)
  3 orc knights (D)
  2 ugly things (D)
  A deep elf mage (D)
  2 black mambas (D)
  2 gargoyles (D)
  2 spiny frogs (D)
  A polar bear (D)
  A tyrant leech (D)
  A blink frog (D)
  A hippogriff (D)
  A yak (D)
  2 water moccasins (D)
  2 porcupines (D)
  8 orc warriors (D)
  A centaur (D)
  A crocodile (D)
  3 bullfrogs (D)
  3 orc wizards (D)
  2 orc priests (D)
  2 iguanas (D)
  An ooze (D)
  An adder zombie (D)
  3 worms (D)
  A dart slug (D)
  5 orcs (D)
  2 bat zombies (D)
  2 giant cockroaches (D)
  A goblin (D)
  A hobgoblin (D)
  A kobold (D)
67 creatures vanquished.

Vanquished Creatures (others)
  A crocodile (D)
1 creature vanquished.

Grand Total: 68 creatures vanquished

Notes
Turn   | Place    | Note
-------+----------+-------------------------------------------
     0 | D        | Nobokod the Demonspawn Assassin began the quest for the Orb.
     0 | D        | Reached XP level 1. HP: 16/16 MP: 1/1
   225 | D        | Noticed a centaur
   230 | D        | Gained mutation: You are immune to rotting. [demonic ancestry]
   230 | D        | Reached XP level 2. HP: 22/22 MP: 2/2
   245 | D        | Killed a centaur
   245 | D        | Reached skill level 5 in Short Blades
   245 | D        | Reached skill level 1 in Dodging
   245 | D        | Gained mutation: You may emit foul miasma when damaged in melee. [demonic ancestry]
   245 | D        | Reached XP level 3. HP: 24/29 MP: 3/3
   245 | D        | Gained mutation: You have large cloven feet. [demonic ancestry]
   245 | D        | Reached XP level 4. HP: 29/35 MP: 4/4
   468 | D        | Found a roughly hewn altar of Beogh.
   468 | D        | Found a snail-covered altar of Cheibriados.
   468 | D        | Found a shadowy altar of Dithmenos.
   468 | D        | Found a white marble altar of Elyvilon.
   468 | D        | Found a blossoming altar of Fedhas.
   468 | D        | Found an opulent altar of Gozag.
   469 | D        | Found a hazy altar of Hepliaklqana.
   470 | D        | Found a viscous altar of Jiyva.
   471 | D        | Found an ancient bone altar of Kikubaaqudgha.
   472 | D        | Became a worshipper of Cheibriados the Contemplative
   473 | D        | Found a corrupted altar of Lugonu.
   474 | D        | Found a burning altar of Makhleb.
   475 | D        | Found a sparkling altar of Nemelex Xobeh.
   476 | D        | Found an iron altar of Okawaru.
   477 | D        | Found a stormy altar of Qazlal.
   478 | D        | Found a sacrificial altar of Ru.
   479 | D        | Found a deep blue altar of Sif Muna.
   480 | D        | Found a bloodstained altar of Trog.
   481 | D        | Found a hide-covered altar of Uskayaw.
   482 | D        | Found a radiant altar of Vehumet.
   483 | D        | Found an ornate altar of the Wu Jian Council.
   484 | D        | Found a shimmering altar of Xom.
   485 | D        | Found a basalt altar of Yredelemnul.
   486 | D        | Found a glowing silver altar of Zin.
   487 | D        | Found a glowing golden altar of the Shining One.
   535 | D        | Noticed an eye of draining
   535 | D        | Noticed a two-headed ogre
   535 | D        | Noticed a crocodile
   535 | D        | Noticed a gargoyle
   543 | D        | Banished a crocodile
   543 | D        | Reached skill level 2 in Invocations
   543 | D        | Reached XP level 5. HP: 35/41 MP: 0/6
   547 | D        | Reached skill level 3 in Invocations
   549 | D        | Killed a two-headed ogre
   549 | D        | Reached * piety under Cheibriados
   549 | D        | Reached skill level 5 in Fighting
   549 | D        | Reached skill level 1 in Armour
   549 | D        | Reached skill level 7 in Invocations
   549 | D        | Reached XP level 6. HP: 36/51 MP: 1/11
   549 | D        | Gained mutation: You have hoof-like feet. [demonic ancestry]
   549 | D        | Reached XP level 7. HP: 40/56 MP: 1/12
   563 | D        | Killed a gargoyle
   563 | D        | Reached ** piety under Cheibriados
   563 | D        | Reached skill level 5 in Dodging
   563 | D        | Reached skill level 10 in Stealth
   563 | D        | Reached skill level 8 in Invocations
   573 | D        | Noticed a two-headed ogre
   573 | D        | Noticed a white ugly thing
   573 | D        | Noticed a deep elf mage
   573 | D        | Noticed a red ugly thing
   573 | D        | Noticed a gargoyle
   575 | D        | Killed a two-headed ogre
   575 | D        | Reached skill level 9 in Invocations
   575 | D        | Gained mutation: You frequently emit foul miasma when damaged in melee. [demonic ancestry]
   575 | D        | Reached XP level 8. HP: 40/65 MP: 5/15
   577 | D        | Killed a white ugly thing
   577 | D        | Reached skill level 10 in Short Blades
   577 | D        | Reached skill level 10 in Invocations
   577 | D        | Reached XP level 9. HP: 44/71 MP: 5/16
   579 | D        | Killed a deep elf mage
   579 | D        | Reached *** piety under Cheibriados
   581 | D        | Killed a red ugly thing
   581 | D        | Reached skill level 11 in Invocations
   586 | D        | Killed a gargoyle
   586 | D        | Reached **** piety under Cheibriados
   759 | D        | Noticed a spiny frog
   761 | D        | Reached ***** piety under Cheibriados
   762 | D        | Killed a spiny frog
   762 | D        | Reached skill level 12 in Invocations
   764 | D        | Noticed a black mamba
   764 | D        | Reached XP level 10. HP: 66/80 MP: 12/19
   773 | D        | Killed a black mamba
  1139 | D        | Noticed a black mamba
  1139 | D        | Noticed a spiny frog
  1139 | D        | Noticed an eight-headed hydra
  1141 | D        | Killed a black mamba
  1141 | D        | Reached ****** piety under Cheibriados
  1145 | D        | Killed a spiny frog
  1146 | D        | Reached skill level 13 in Invocations
  1153 | D        | Killed an eight-headed hydra
  1153 | D        | Reached skill level 5 in Armour
  1363 | D        | Noticed a lindwurm
  1363 | D        | Noticed a lindwurm
  1363 | D        | Noticed a lindwurm
  1364 | D        | Noticed a lindwurm
  1368 | D        | Killed a lindwurm
  1368 | D        | Reached skill level 14 in Invocations
  1368 | D        | Killed a lindwurm
  1368 | D        | Killed a lindwurm
  1368 | D        | Killed a lindwurm
  1368 | D        | Reached skill level 15 in Invocations
  1368 | D        | Reached XP level 11. HP: 77/87 MP: 10/22
  1597 | D        | Noticed an orc knight
  1612 | D        | Killed an orc knight
  1762 | D        | Noticed an orc knight
  1762 | D        | Noticed an orc high priest
  1765 | D        | Noticed an orc knight
  1766 | D        | Reached skill level 16 in Invocations
  1771 | D        | Killed an orc high priest
  1774 | D        | Killed an orc knight
  1774 | D        | Reached skill level 17 in Invocations
  1776 | D        | Killed an orc knight
  1778 | D        | Mangled by an orc warrior

Vault maps used:
D:        linesprint

Skill      XL: |  1  2  3  4  5  6  7  8  9 10 11 |
---------------+----------------------------------+-----
Short Blades   | 4 5 6 8 9 10 11 12 13 | 13.0
Stealth        | 6 7 9 11 12 14 | 14.4
Fighting       | 3 5 6 7 8 |  8.8
Dodging        | 1 2 4 6 7 9 |  9.1
Invocations    | 2 7 9 10 12 15 17 | 17.6
Armour         | 1 2 3 5 6 |  6.4
Throwing       | |  1.7

Action                   |  1- 3 |  4- 6 |  7- 9 | 10-12 || total
-------------------------+-------+-------+-------+-------++-------
Melee: Dagger            |    40 |     9 |       |       ||    49
       Rapier            |       |    11 |    15 |    45 ||    71
       Kick              |       |     6 |       |       ||     6
Invok: Slouch            |       |       |     1 |    12 ||    13
  Use: Potion            |     1 |     1 |       |       ||     2
 Stab: Invisible         |       |     2 |     1 |       ||     3
       Sleeping          |       |       |     5 |     4 ||     9
  Eat: Chunk             |       |       |       |     1 ||     1
Armor: Robe              |    11 |     3 |       |       ||    14
       Ring mail         |       |     2 |     3 |     4 ||     9
Dodge: Dodged            |    16 |    14 |    11 |    35 ||    76
